 Dungeon Crawl Stone Soup version 0.31-a0-1008-g5b978dac0e (webtiles) character file.

Game seed: 12808842327985911981

549 Chiseanne the Covert (level 7, -13/36 HPs)
             Began as a Spriggan Delver on Nov 12, 2023.
             Was an Initiate of Gozag.
             Killed by an exploding orc (31 damage)
             ... ignited by their inner flame
             ... on level 7 of the Dungeon.
             The game lasted 00:12:16 (2358 turns).

Chiseanne the Covert (Spriggan Delver)              Turns: 2358, Time: 00:12:17

Health: -13/36     AC:  4    Str:  8    XL:     7   Next: 7%
Magic:  8/8        EV: 20    Int: 12    God:    Gozag
Gold:   154        SH:  0    Dex: 18    Spells: 6/6 levels left

rFire   . . .        a - +2 whip (venom)
rCold   . . .        (no shield)
rNeg    . . .        b - +1 robe
rPois   .            n - +1 hat
rElec   .            (no cloak)
rCorr   .            (gloves unavailable)
SInv    +            (boots unavailable)
Will    +....        (no amulet)
Stlth   +++++        (no ring)
HPRegen 0.26/turn    (no ring)
MPRegen 0.11/turn

%: no passive effects
@: gold aura, very quick
A: very small, no large weapons, unfitting armour, see invisible, speed 3
a: Renounce Religion, Potion Petition, Call Merchant, Bribe Branch


You were on level 7 of the Dungeon.
You worshipped Gozag.
Gozag was aware of your devotion.
You visited 2 branches of the dungeon, and saw 7 of its levels.

You collected 207 gold pieces.
You paid 53 gold pieces to Gozag.

Inventory:

Hand Weapons
 a - a +2 whip of venom (weapon)
 s - a +0 short sword
Missiles
 d - 5 stones
 e - a throwing net
 i - 7 poisoned darts (quivered)
Armour
 b - a +1 robe (worn)
 n - a +1 hat (worn)
Wands
 g - a wand of digging (3)
 h - a wand of light (12)
 o - a wand of flame (29)
Scrolls
 c - 2 scrolls of fog
Potions
 f - a potion of haste
 j - a potion of berserk rage
 l - a potion of curing {unknown}
 m - a potion of brilliance {unknown}


   Skills:
 * Level 3.3 Fighting
 - Level 2.8 Short Blades
 + Level 5.7 Dodging
 * Level 11.2 Stealth


You had 6 spell levels left.
You didn't know any spells.
Your spell library was empty.

Dungeon Overview and Level Annotations

Branches:
Dungeon (7/15)             Temple (1/1) D:5

Altars:
Ashenzari
Cheibriados
Dithmenos
Elyvilon
Fedhas
Gozag
Hepliaklqana
Kikubaaqudgha
Makhleb
Nemelex Xobeh
Okawaru
Qazlal
Sif Muna
Trog
Vehumet
Wu Jian
Xom
Yredelemnul
Zin

Shops:
D:6 *

Annotations:
Temple 2 transporters


Innate Abilities, Weirdness & Mutations

You are very small and have problems with some larger weapons.
You are too small for most types of armour.
You have supernaturally acute eyesight. (SInv)
You cover ground extremely quickly. (Speed+++)


Message History

The water moccasin attacks as it pursues you!
The water moccasin closely misses you.
There is a stone staircase leading up here.
The water moccasin completely misses you.
The water moccasin misses you.
You climb upwards.
There is a stone staircase leading down here.
The water moccasin attacks as it pursues you!
The water moccasin bites you.
There is a stone staircase leading down here.
You climb downwards.
There is a stone staircase leading up here.
Found a scroll of amnesia and a scroll labelled KEPHURIZEH.
A two-headed ogre comes into view. It is wielding two +0 dire flails.
The helpless two-headed ogre fails to defend itself.
You hit the two-headed ogre but do no damage.
The two-headed ogre is poisoned.
The two-headed ogre hits you with a +0 dire flail!!
Ouch! That really hurt!
The two-headed ogre barely misses you.
An orc comes into view. It is wielding a +0 short sword.
An orc comes into view. It is wielding a +0 dagger.
The orc shouts! x2; You hear a shout! x2
You see here a scroll of amnesia.
Found a scroll of identify.
You hit the orc.
The orc is heavily wounded.
The orc misses you.
As you read the scroll labelled BASONI CODOA, it crumbles to dust.
The creatures around you are filled with an inner flame!
It was a scroll of immolation.
Flame seeps out of the two-headed ogre.
The orc closely misses you.
The two-headed ogre is engulfed in blazing flames.
Flame seeps out of the two-headed ogre.
You hit the orc.
The orc explodes!
The fiery explosion engulfs you!!
Ouch! That really hurt!
You die...
Your body crumbles into a pile of gold.

......#####.# .....## .#
..###### .# .........
.Y###########
............### ..#####
#.....# ####.
.########.....####.$$$..
.............?○O@§o...?.
.########.....#####.###.
.# #..?..# .# ###.### .#
#... <# ##### .# .# ##


You could see a two-headed ogre (inner flame, poisoned) and an orc (inner
flame).

Vanquished Creatures
  A black bear (D:6)
  A bullfrog (D:5)
  2 scorpions
  3 hounds
  A gnoll bouda (D:6)
  2 iguanas
  4 gnolls
  6 adders
  2 ufetubi
  A dart slug (D:3)
  An orc (D:7)
  A giant cockroach (D:4)
  2 hobgoblins (D:4)
  3 goblins
  2 rats (D:2)
32 creatures vanquished.

Notes
Turn   | Place    | Note
-------+----------+-------------------------------------------
     0 | D:5      | Chiseanne the Spriggan Delver began the quest for the Orb.
     0 | D:5      | Reached XP level 1. HP: 11/11 MP: 2/2
    25 | D:5      | Reached XP level 2. HP: 16/16 MP: 3/3
    74 | D:5      | Noticed a phantom
   135 | D:4      | Noticed a bullfrog
   161 | D:4      | Chiseanne: you are disgusting beings and I really hope you
                  | die from cancer you fuckers
   329 | D:4      | Noticed a scorpion
   355 | D:4      | Chiseanne: oh yeah right
   355 | D:4      | Chiseanne: that shit was outta sight but found
                  | me...accidentally..FUCK YOU
   386 | D:5      | Reached skill level 8 in Stealth
   386 | D:5      | Reached XP level 3. HP: 19/19 MP: 4/4
   390 | D:5      | Chiseanne: as I said you are disgusting to the bone
   645 | D:5      | Chiseanne: you made this whole shit unplayable you stupid
                  | useless fuckers
   689 | D:5      | Noticed a scorpion
   696 | D:5      | Killed a scorpion
   697 | D:5      | Reached skill level 9 in Stealth
   697 | D:5      | Reached XP level 4. HP: 23/23 MP: 5/5
   731 | D:5      | Found a staircase to the Ecumenical Temple.
   741 | Temple   | Found a transporter.
   741 | Temple   | Found a transporter.
   741 | Temple   | Found a transporter.
   741 | Temple   | Found a transporter.
   741 | Temple   | Entered the Ecumenical Temple
   761 | Temple   | Became a worshipper of Gozag Ym Sagoz the Greedy
   963 | D:6      | Noticed a bullfrog
   982 | D:5      | Killed a bullfrog
   983 | D:5      | Reached skill level 10 in Stealth
   983 | D:5      | Reached XP level 5. HP: 15/27 MP: 6/6
  1071 | D:6      | Reached skill level 5 in Dodging
  1131 | D:6      | Reached XP level 6. HP: 32/32 MP: 7/7
  1807 | D:6      | Reached skill level 11 in Stealth
  1807 | D:6      | Reached XP level 7. HP: 32/36 MP: 8/8
  1956 | D:6      | Found Ypluum's General Store.
  2346 | D:7      | Noticed a two-headed ogre
  2358 | D:7      | Killed by an exploding orc... ignited by their inner flame

Illustrated notes

Levels and vault maps discovered:
D:2:      layout_loops_ring, chequers_serial_rivers_large_b,
          serial_bayou_ford_a, uniq_natasha
D:3:      layout_loops_cross, nicolae_ecumenical_snake_handling,
          minmay_close_crescents
D:4:      layout_layer_cave
D:5:      layout_gridville, temple_fountains, grunt_decor_mini_mirrors,
          kennysheep_generic_room_3
D:6:      layout_basic, serial_shops, shop
D:7:      layout_loops_ring, mainiacjoe_overflow_catwalk
Temple:   hellmonk_temple_divided_pantheon

Skill      XL: |  1  2  3  4  5  6 |
---------------+-------------------+-----
Dodging        | 3 4 5 |  5.7
Stealth        | 8 9 10 11 | 11.2
Fighting       | 3 |  3.3
Short Blades   | |  2.8

Action                     |  1- 3 |  4- 6 |  7- 9 || total
---------------------------+-------+-------+-------++-------
  Melee: Short sword       |    49 |    47 |       ||    96
         Whip              |       |    37 |    13 ||    50
         Punch             |       |     1 |     1 ||     2
  Throw: Dart              |       |    27 |       ||    27
         Stone             |       |     8 |       ||     8
    Use: Scroll            |     5 |     2 |     2 ||     9
         Potion            |       |     1 |       ||     1
   Stab: Sleeping          |     7 |       |     1 ||     8
 Armour: Robe              |     6 |    38 |     9 ||    53
  Dodge: Dodged            |    34 |    99 |    18 ||   151

Table legend: (Time is in decaauts)
 A = Elapsed time spent in this place.
 B = Non-inter-level travel time spent in this place.
 C = Inter-level travel time spent in this place.
 D = Time resting spent in this place.
 E = Time spent auto-exploring this place.
 F = Levels seen in this place.
 G = Mean time per level.
                   A        B        C        D        E       F      G
               +--------+--------+--------+--------+--------+-----+--------+
         Total |   1755 |   1715 |     40 |    458 |    242 |   7 |  250.7 |
       Dungeon |   1731 |   1691 |     40 |    458 |    242 |   6 |  288.5 |
        Temple |     24 |     24 |      0 |      0 |      0 |   1 |   24.0 |
               +--------+--------+--------+--------+--------+-----+--------+

Top non-repeatable levels by time:
     D:6: 810 daAuts
     D:5: 455 daAuts
     D:4: 223 daAuts
     D:7: 109 daAuts
     D:3: 70 daAuts
     D:2: 63 daAuts
  Temple: 24 daAuts
